 Dungeon Crawl Stone Soup version 0.26.1-11-gd32895ea62 (webtiles) character file.

Game seed: 2105203111197328461

98095 Almogavar the Warrior (level 15, -10/147 HPs)
             Began as a Minotaur Berserker on Apr 19, 2021.
             Was the Champion of Trog.
             Collided with a rock wall (21 damage)
             ... caused by a wretched star
             ... while paralysed
             ... on level 3 of the Abyss.
             The game lasted 01:21:24 (22235 turns).

Almogavar the Warrior (Minotaur Berserker)         Turns: 22235, Time: 01:21:26

Health: -10/147    AC: 32    Str: 30      XL:     15   Next: 73%
Magic:  0/4        EV:  2    Int:  0      God:    Trog [******]
Gold:   2634       SH:  0    Dex: 15 (16) Spells: 14/14 levels left

rFire    . . .     SeeInvis .   f - +2 scimitar (antimagic)
rCold    + . .     Faith    .   I - +0 kite shield {AC+3}
rNeg     . . .     Spirit   +   M - +8 plate armour of Vallo {rC+ Str+6}
rPois    .         Reflect  .   Z - +1 hat
rElec    .         Harm     .   g - +0 cloak "Tiokka" {Dex+6} (curse)
rCorr    .         Rampage  .   (no gloves)
Will     +....     Rnd*Rage +   b - +1 pair of boots
Stlth    ..........             m - amulet of guardian spirit
HPRegen  0.00/turn              r - +4 ring of evasion
MPRegen  0.09/turn              A - +4 ring of slaying

@: paralysed, lethally poisoned (-10 -> -107), berserk cooldown, slowed, lost
intelligence, studying Slings
A: retaliatory headbutt, horns 2, [berserk 2], [blurry vision 2], [deterioration
2], [dopey 2], [inhibited regeneration], [weak 2], no potion heal 1, subdued
magic 1
a: Renounce Religion, Berserk, Trog's Hand, Brothers in Arms


You were on level 3 of the Abyss.
You worshipped Trog.
Trog was exalted by your worship.
You visited 3 branches of the dungeon, and saw 20 of its levels.
You visited the Abyss 1 time.
You also visited: Bailey.

You collected 3008 gold pieces.
You spent 374 gold pieces at shops.

Inventory:

Hand Weapons
 d - a +2 scimitar of flaming
 f - a +2 antimagic scimitar (weapon)
 s - a +4 vorpal morningstar
 w - the +11 hunting sling of Mourning {venom, Dex+4}
   (You found it on level 7 of the Dungeon)

   It poisons the ammo it fires.
   It affects your dexterity (+4).
 z - a +1 vorpal demon blade
 W - the +7 battleaxe "Orb Guardian's Bane" {vorpal, rF++ rC+, unknown}
   (You found it on level 3 of the Lair of Beasts)

   It inflicts extra damage upon your enemies.
   It greatly protects you from fire.
   It protects you from cold.
Missiles
 e - 362 arrows
 j - 175 stones
 F - 83 sling bullets
Armour
 a - +0 fire dragon scales
 b - a +1 pair of boots (worn)
 g - the cursed +0 cloak "Tiokka" (worn) {Dex+6}
   (You bought it in a shop on level 1 of the Orcish Mines)

   It affects your dexterity (+6).
   It has a curse placed upon it.
 I - a +0 kite shield of protection (worn)
 M - the +8 plate armour of Vallo (worn) {rC+ Str+6}
   (You found it on level 9 of the Dungeon)

   It affects your strength (+6).
   It protects you from cold.
 O - a +2 chain mail of fire resistance
 Z - a +1 hat (worn)
Jewellery
 m - an amulet of guardian spirit (around neck)
 r - a +4 ring of evasion (left hand)
 u - an uncursed ring of willpower
 A - a +4 ring of slaying (right hand)
 D - an uncursed ring of fire
 L - an uncursed amulet of the acrobat
Wands
 k - a wand of flame (19)
 E - a wand of acid (16)
 J - a wand of iceblast (21)
 U - a wand of digging (3)
Scrolls
 i - 3 scrolls of fear
 l - 7 scrolls of remove curse
 o - 2 scrolls of enchant weapon
 x - 3 scrolls of blinking
 C - 8 scrolls of magic mapping
 N - a scroll of silence
 P - 4 scrolls of enchant armour
 R - 11 scrolls of teleportation
 T - a scroll of random uselessness {unknown}
 V - 2 scrolls of brand weapon
 Y - a scroll of summoning {unknown}
Potions
 c - 8 potions of heal wounds
 h - 7 potions of haste
 n - 3 potions of degeneration {unknown}
 t - 7 potions of might
 G - 2 potions of curing
 K - a potion of flight
Books
 p - a manual of Slings
Miscellaneous
 q - a box of beasts
 v - a condenser vane
 y - a lightning rod (4/4)
 Q - a lightning rod (4/4)


   Skills:
 + Level 17.4 Fighting
 - Level 6.6(10.5) Short Blades
 - Level 13.4(14.0) Long Blades
 - Level 1.0 Maces & Flails
 - Level 2.5 Polearms
 + Level 13.4 Slings
 + Level 14.4 Armour
 + Level 5.8 Dodging
 + Level 2.5 Stealth
 + Level 14.8 Shields


You had 14 spell levels left.
You didn't know any spells.
Your spell library was empty.

Dungeon Overview and Level Annotations

Branches:
Dungeon (12/15)            Temple (0/1) D:6            Lair (6/6) D:11
 Shoals (0/4) Lair:3        Snake (0/4) Lair:4        Slime (0/5) Lair:6
    Orc (2/2) D:10            Elf (0/3) Orc:2        Bailey (visited)

Altars:
Xom
Zin
Beogh
Jiyva

Shops:
D:4 =   Orc:1 [   Orc:2 *([*

Annotations:
D:12 Erolcha


Innate Abilities, Weirdness & Mutations

You reflexively headbutt those who attack you in melee.
You have a pair of horns on your head.
Potions are less effective at restoring your health.
Your spells are a little easier to cast, but a little less powerful.
[You often lose your temper in combat.]
[Scrolls take you longer to read.]
[Your body often deteriorates upon taking damage.]
[You are very dopey. (Int -4)]
[You do not regenerate when monsters are visible.]
[You are very weak. (Str -4)]


Message History

The green very ugly thing poisons you!
* * * LOW HITPOINT WARNING * * *
You feel extremely sick. The meliai hits you but does no damage.
The meliai stings you but does no damage.
Your deep troll misses the wretched star.
Your deep troll claws the wretched star!
Your deep troll barely misses the wretched star.
The meliai mumbles some strange prayers to its god against you.
Something smites you!
* * * LOW HITPOINT WARNING * * *
Your deep troll barely misses the wretched star.
Your deep troll claws the wretched star.
Your deep troll claws the wretched star!
The wretched star glows turbulently.
The lance of force hits you.
* * * LOW HITPOINT WARNING * * *
You are knocked back by the lance of force.
You slam into the rock wall!
You die...

. . .. ..
#. .# ##†
## ## .##
#..u#.
.#...#
#*..#.T*#
#@#†
#.*y#u..#
#...#.
.#...#
##. ## ##
.## #. .#
#. .# # #


You could see 2 very ugly things, 3 wretched stars, a meliai and a friendly deep
troll (summoned, berserk, misshapen).

Vanquished Creatures
  A bone dragon (Abyss:2)
  Jorgrun (Orc:2)
  An Executioner (Abyss:2)
  Gastronok (Lair:3)
  2 orc warlords (Orc:2)
  A dire elephant (Lair:6)
  An eidolon (Abyss:2)
  Josephine (Lair:4)
  A fire dragon (Lair:6)
  4 boulder beetles
  3 two-headed ogres
  10 hydras
  2 catoblepae
  8 death yaks
  An orc high priest (Orc:2)
  A thrashing horror (Abyss:2)
  A hell knight (Abyss:2)
  A flayed ghost (Abyss:2)
  A swamp dragon (Lair:6)
  A shadow demon (Abyss:2)
  A glowing orange brain (Abyss:2)
  5 orc knights
  4 lindwurms (Lair:5)
  8 large abominations (Abyss:2)
  A shining eye (shapeshifter) (Abyss:2)
  An ugly thing (D:11)
  An orc sorcerer (Orc:1)
  A fire giant zombie (Abyss:2)
  9 black mambas
  An apocalypse crab (Abyss:2)
  6 elephants
  2 merfolk sirens (Lair:3)
  Psyche (D:8)
  A torpor snail (Lair:6)
  11 cane toads
  2 kobold demonologists (D:8)
  4 rime drakes
  An efreet (Abyss:2)
  A komodo dragon (shapeshifter) (Abyss:2)
  12 komodo dragons
  An ancient zyme (Abyss:2)
  2 merfolk (Lair:3)
  2 trolls
  12 polar bears
  A harpy zombie (Abyss:2)
  2 meliai (Abyss:3)
  A hornet (Lair:3)
  2 raiju (Lair:6)
  A slime creature (Lair:3)
  6 dream sheep (Lair:6)
  19 blink frogs
  A ynoxinul (Abyss:2)
  4 flying skulls (Abyss:2)
  A shadow (D:11)
  5 wraiths (Lair:4)
  A spriggan (D:10)
  A vampire (Abyss:2)
  5 wyverns
  Eustachio (D:5)
  36 yaks
  4 basilisks
  3 steam dragons
  A neqoxec (Abyss:2)
  6 golden eyes (Abyss:2)
  10 wargs
  2 acid dragons (Lair:6)
  15 hell hounds (Lair:6)
  21 water moccasins
  43 orc warriors
  6 sky beasts
  4 small abominations (Abyss:2)
  5 ice beasts
  2 necrophages
  5 ogres
  3 phantoms
  15 black bears
  3 centaurs
  21 wolves
  A swamp dragon skeleton (Abyss:2)
  4 big kobolds
  10 bullfrogs
  A water moccasin zombie (D:9)
  5 scorpions
  A water moccasin skeleton (D:2)
  10 wights
  2 centaur zombies
  4 howler monkeys
  2 hounds
  6 jellies
  2 quasits
  25 orc priests
  A bullfrog skeleton (D:5)
  Jessica (D:3)
  5 iguanas
  19 orc wizards
  8 worker ants
  A killer bee zombie (D:7)
  2 hound zombies
  A hound skeleton (D:8)
  2 howler monkey zombies
  2 worker ant zombies
  A howler monkey skeleton (D:4)
  22 adders
  4 gnolls (D:3)
  2 shadow imps (D:8)
  5 white imps
  4 ufetubi
  2 oozes
  An adder zombie (D:7)
  An adder skeleton (D:4)
  2 worms (D:2)
  4 dart slugs
  7 leopard geckos
  106 orcs
  8 bats
  6 giant cockroaches
  9 hobgoblins
  6 jackals
  2 quokkas
  3 ball pythons
  8 frilled lizards
  11 goblins
  A jackal skeleton (D:6)
  22 kobolds
  A leopard gecko zombie (D:5)
  9 rats
751 creatures vanquished.

Vanquished Creatures (collateral kills)
  The ghost of Almogavar the Archer, a journeyman MiBe of Trog (Lair:3)
  A death ooze (Lair:3)
  3 large abominations (Abyss:2)
  2 meliai (Abyss:3)
  2 slime creatures (Lair:3)
  A small abomination (Abyss:2)
  3 jellies (Lair:3)
13 creatures vanquished.

Vanquished Creatures (others)
  A small abomination (Abyss:2)
  2 orcs (D:11)
  A goblin (D:11)
  47 fungi
  67 plants
118 creatures vanquished.

Grand Total: 882 creatures vanquished

Notes
Turn   | Place    | Note
-------+----------+-------------------------------------------
     0 | D:1      | Almogavar the Minotaur Berserker began the quest for the
                  | Orb.
     0 | D:1      | Reached XP level 1. HP: 19/19 MP: 0/0
   410 | D:1      | Reached XP level 2. HP: 27/27 MP: 1/1
   574 | D:1      | Reached skill level 4 in Fighting
  1045 | D:1      | Reached XP level 3. HP: 26/33 MP: 2/2
  1409 | D:2      | Reached ** piety under Trog
  1795 | D:2      | Reached skill level 5 in Long Blades
  1795 | D:2      | Reached XP level 4. HP: 36/41 MP: 0/3
  2005 | D:2      | Reached skill level 1 in Stealth
  2125 | D:3      | Reached XP level 5. HP: 47/47 MP: 4/4
  2177 | D:3      | Reached skill level 1 in Slings
  2230 | D:3      | Noticed Jessica
  2243 | D:3      | Killed Jessica
  2244 | D:3      | Reached skill level 5 in Fighting
  2502 | D:3      | Reached *** piety under Trog
  2545 | D:3      | Reached XP level 6. HP: 56/56 MP: 5/5
  2901 | D:4      | Found Vuug's Jewellery Boutique.
  3751 | D:5      | Entered Level 5 of the Dungeon
  3782 | D:5      | Noticed an ice beast
  3793 | D:5      | Killed an ice beast
  3794 | D:5      | Reached skill level 1 in Shields
  3794 | D:5      | Reached XP level 7. HP: 44/61 MP: 6/6
  4472 | D:5      | Noticed Eustachio
  4523 | D:5      | Killed Eustachio
  4524 | D:5      | Reached XP level 8. HP: 62/70 MP: 7/7
  4759 | D:6      | Reached **** piety under Trog
  4799 | D:6      | Reached skill level 5 in Armour
  4828 | D:6      | Found a staircase to the Ecumenical Temple.
  5208 | D:6      | Reached skill level 6 in Fighting
  5208 | D:6      | Reached skill level 1 in Short Blades
  5342 | D:7      | Reached skill level 10 in Long Blades
  5710 | D:7      | Got a scorched hunting sling
  5711 | D:7      | Identified the +11 hunting sling of Mourning {venom, Dex+4}
                  | (You found it on level 7 of the Dungeon)
  6245 | D:8      | Found a transporter.
  6246 | D:8      | Noticed a kobold demonologist
  6253 | D:8      | Noticed a kobold demonologist
  6278 | D:8      | Found a transporter.
  6295 | D:8      | Reached XP level 9. HP: 69/77 MP: 6/8
  6487 | D:8      | Noticed Psyche
  6494 | D:8      | Killed Psyche
  6615 | D:8      | Reached skill level 5 in Short Blades
  6633 | D:8      | Found a shimmering altar of Xom.
  6757 | D:8      | Reached ***** piety under Trog
  7086 | D:8      | Noticed an orange demon
  7096 | D:8      | Noticed a hellwing
  7097 | D:8      | Noticed a soul eater
  7098 | D:8      | Killed a kobold demonologist
  7105 | D:8      | Killed a kobold demonologist
  7106 | D:8      | Reached skill level 7 in Fighting
  7346 | D:9      | Got a crude plate armour
  7357 | D:9      | Identified the +8 plate armour of Vallo {rC+ Str+6} (You
                  | found it on level 9 of the Dungeon)
  7404 | D:9      | Reached XP level 10. HP: 86/86 MP: 9/9
  8085 | D:10     | Entered Level 10 of the Dungeon
  8191 | D:10     | Reached skill level 8 in Fighting
  8243 | D:10     | Found a staircase to the Orcish Mines.
  8928 | D:10     | Reached skill level 9 in Fighting
  9057 | D:10     | Identified a scroll of acquirement
  9057 | D:10     | Acquired a +0 kite shield of protection
  9207 | Orc:1    | Entered Level 1 of the Orcish Mines
  9240 | Orc:1    | Noticed an orc sorcerer
  9243 | Orc:1    | Paralysed by an orc sorcerer for 4 turns
  9244 | Orc:1    | Noticed a sun demon
  9245 | Orc:1    | Killed an orc sorcerer
  9341 | Orc:1    | Reached XP level 11. HP: 97/97 MP: 10/10
  9404 | Orc:1    | Noticed an orc knight
  9411 | Orc:1    | Killed an orc knight
  9459 | Orc:1    | Found Astripsat's Antique Armour Shoppe.
  9472 | Orc:1    | Bought a blackened cloak for 304 gold pieces
  9477 | Orc:1    | Identified the cursed +0 cloak "Tiokka" {Dex+6} (You bought
                  | it in a shop on level 1 of the Orcish Mines)
  9764 | Orc:2    | Entered Level 2 of the Orcish Mines
  9764 | Orc:2    | Noticed Jorgrun
  9776 | Orc:1    | Reached skill level 5 in Shields
  9928 | Orc:2    | Killed Jorgrun
  9929 | Orc:2    | Reached skill level 10 in Armour
 10176 | Orc:2    | Found a staircase to the Elven Halls.
 10280 | Orc:2    | Found a roughly hewn altar of Beogh.
 10315 | Orc:2    | Found a roughly hewn altar of Beogh.
 10336 | Orc:2    | Noticed an orc warlord
 10387 | Orc:2    | Noticed an orc knight
 10389 | Orc:2    | Reached skill level 10 in Fighting
 10866 | Orc:2    | Noticed an orc high priest
 10878 | Orc:2    | Killed an orc high priest
 11071 | Orc:2    | Received a gift from Trog
 11098 | Orc:2    | Noticed an orc warlord
 11110 | Orc:2    | Killed an orc warlord
 11111 | Orc:2    | Reached skill level 11 in Fighting
 11111 | Orc:2    | Reached XP level 12. HP: 110/110 MP: 11/11
 11230 | Orc:2    | Found Eluluc's Antique Weapon Boutique.
 11232 | Orc:2    | Found a roughly hewn altar of Beogh.
 11236 | Orc:2    | Found Cyshirannadgh's Antique Armour Shop.
 11354 | Orc:2    | Killed an orc warlord
 11814 | Orc:2    | Found a roughly hewn altar of Beogh.
 11818 | Orc:2    | Found Sakarr's General Store.
 11855 | Orc:2    | Found a roughly hewn altar of Beogh.
 11878 | Orc:2    | Found a roughly hewn altar of Beogh.
 11893 | Orc:2    | Found Pipoen's General Store.
 11898 | Orc:2    | Bought a potion of heal wounds for 70 gold pieces
 11930 | Orc:2    | Reached skill level 12 in Fighting
 12019 | D:11     | Noticed a two-headed ogre
 12030 | D:11     | Killed a two-headed ogre
 12047 | D:11     | Found a flagged portal.
 12057 | Bailey   | Entered a bailey
 12786 | D:11     | Found a staircase to the Lair.
 12842 | Lair:1   | Entered Level 1 of the Lair of Beasts
 12884 | Lair:1   | Received a gift from Trog
 12999 | Lair:1   | Reached skill level 13 in Fighting
 13036 | Lair:1   | Reached skill level 5 in Dodging
 13051 | Lair:1   | Noticed a five-headed hydra
 13056 | Lair:1   | Killed a five-headed hydra
 13785 | Lair:2   | Noticed an eight-headed hydra
 13803 | Lair:2   | Killed an eight-headed hydra
 13804 | Lair:2   | Reached skill level 10 in Shields
 13804 | Lair:2   | Reached XP level 13. HP: 122/122 MP: 10/12
 13919 | Lair:2   | Acquired a manual of Slings
 14398 | Lair:3   | Found a runed translucent gate.
 14413 | Lair:3   | Found a runed translucent gate.
 14577 | Lair:3   | Reached skill level 1 in Polearms
 14579 | Lair:3   | Found a runed translucent gate.
 14594 | Lair:3   | Noticed a death ooze
 14594 | Lair:3   | Noticed Almogavar's ghost (journeyman MiBe)
 14596 | Lair:3   | Found a viscous altar of Jiyva.
 14716 | Lair:3   | Reached skill level 14 in Fighting
 14759 | Lair:3   | Found a staircase to the Shoals.
 14780 | Lair:3   | Got a glimmering battleaxe
 15021 | Lair:3   | Reached ****** piety under Trog
 15150 | Lair:3   | Noticed Gastronok
 15164 | Lair:3   | Killed Gastronok
 15513 | Lair:3   | Killed a death ooze
 15529 | Lair:3   | Killed Almogavar's ghost
 15618 | Lair:4   | Found a staircase to the Snake Pit.
 15649 | Lair:4   | Received a gift from Trog
 15843 | Lair:4   | Reached skill level 1 in Maces & Flails
 15911 | Lair:4   | Reached skill level 15 in Fighting
 16137 | Lair:4   | Reached XP level 14. HP: 135/135 MP: 13/13
 16328 | Lair:4   | Noticed Josephine
 16336 | Lair:4   | Killed Josephine
 16644 | Lair:5   | Reached skill level 5 in Slings
 17768 | Lair:6   | Entered Level 6 of the Lair of Beasts
 17789 | Lair:6   | Received a gift from Trog
 18409 | Lair:6   | Reached skill level 16 in Fighting
 18951 | Lair:6   | Reached skill level 10 in Slings
 18970 | Lair:6   | Found a staircase to the Slime Pits.
 19048 | Lair:6   | Reached XP level 15. HP: 120/145 MP: 4/14
 19983 | Lair:6   | Received a gift from Trog
 21243 | D:12     | Found a glowing silver altar of Zin.
 21394 | D:12     | Noticed Erolcha
 21399 | D:12     | Cast into level 2 of the Abyss (Erolcha)
 21671 | Abyss:2  | Noticed an Executioner
 21681 | Abyss:2  | Killed an Executioner
 21684 | Abyss:2  | Reached skill level 17 in Fighting
 21689 | Abyss:2  | Found a corrupted altar of Lugonu.
 21754 | Abyss:2  | Gained mutation: Your spells are a little easier to cast,
                  | but a little less powerful. [a neqoxec]
 21757 | Abyss:2  | Gained mutation: Potions are less effective at restoring
                  | your health. [a neqoxec]
 22094 | Abyss:2  | Noticed an Executioner
 22193 | Abyss:2  | Noticed a bone dragon
 22195 | Abyss:2  | Received a gift from Trog
 22214 | Abyss:2  | Killed a bone dragon
 22233 | Abyss:3  | Lost intelligence.
 22235 | Abyss:3  | Collided with a rock wall

Illustrated notes

Levels and vault maps discovered:
D:1:      matt_arrival_grand_opening, layout_loops_corners
D:2:      layout_basic
D:3:      minmay_angry_zag, layout_rooms, fountainhead, serial_bayou_pond_a,
          uniq_jessica
D:4:      layout_cave_pools, serial_shops, shop_statue, portal_sewer_entry_d
D:5:      layout_gridville, uniq_eustachio
D:6:      layout_basic, minmay_temple_entry_junction
D:7:      layout_basic, hex_intersection
D:8:      gammafunk_wand_slinger, layout_loops_ring, old_standard_altar,
          uniq_psyche
D:9:      layout_roguey, serial_curves, eino_curves_03, eino_curves_03
D:10:     layout_basic, the_bakery
D:11:     layout_rooms, grunt_lair_entry_orc_guard_hut, enter_bailey_5,
          serial_glass, glass_columns_b, glass_columns_a, feat_on_display
D:12:     layout_roguey, basic_altar, lemuel_flamethrower_1, uniq_erolcha
Lair:1:   layout_loops_ring, lemuel_old_faithful, serial_bayou_shore_b
Lair:2:   layout_concentric_octagons
Lair:3:   layout_roguey, elwin_shoals_entry_stream, gammafunk_ghost_ooze,
          uniq_gastronok
Lair:4:   layout_misc_corridors, minmay_snake_entry_six_corridors,
          uniq_josephine
Lair:5:   beast_lair_carwin_large_2, layout_cave_shapes, minmay_lindwurm_lava
Lair:6:   guppyfry_lair_end_dragon, layout_cave_pods,
          hangedman_lair_caniforms_friends, slime_dummy, minmay_shattered_shrine
Orc:1:    layout_caves, serial_shops, shop
Orc:2:    grunt_orc_community_town_hall, layout_caves,
          grunt_orc_community_big_house_2, grunt_orc_community_big_house_2,
          grunt_orc_community_house_2, grunt_orc_community_house_1,
          grunt_orc_community_house_1, grunt_orc_community_house_3, uniq_jorgrun
Abyss:3:  base: Sewer, grunt_abyss_rune_wretched_hive,
          guppyfry_abyss_exit_glass_guarded

Skill      XL: |  1  2  3  4  5  6  7  8  9 10 11 12 13 14 15 |
---------------+----------------------------------------------+-----
Fighting       | 4 5 6 7 9 11 13 15 16 17 | 17.4
Long Blades    | 4 5 7 9 10 11 12 13 | 13.4
Stealth        | 1 2 |  2.5
Slings         | 2 3 10 13 | 13.4
Armour         | 3 4 5 7 9 11 12 13 14 | 14.4
Dodging        | 3 4 5 |  5.8
Shields        | 1 2 3 4 7 10 12 13 14 | 14.8
Short Blades   | 3 6 |  6.6
Polearms       | 2 |  2.5
Maces & Flails | 1 |  1.0

Action                   |  1- 3 |  4- 6 |  7- 9 | 10-12 | 13-15 || total
-------------------------+-------+-------+-------+-------+-------++-------
Melee: Falchion          |    90 |   128 |    72 |       |       ||   290
       Headbutt          |    15 |    29 |    49 |   153 |   269 ||   515
       Unarmed           |       |       |     4 |       |       ||     4
       Rapier            |       |       |   151 |   146 |       ||   297
       Long sword        |       |       |       |   272 |   229 ||   501
       Scimitar          |       |       |       |    61 |   443 ||   504
       Trident           |       |       |       |     3 |     6 ||     9
       Morningstar       |       |       |       |       |    15 ||    15
 Fire: Hunting sling     |       |    78 |    31 |   155 |   302 ||   566
Invok: Berserk           |       |       |     2 |     3 |     2 ||     7
       Trog's Hand       |       |       |     1 |     1 |     2 ||     4
       Brothers in Arms  |       |       |       |       |     3 ||     3
  Use: Scroll            |       |    11 |     5 |    10 |     6 ||    32
       Potion            |       |       |     1 |       |     5 ||     6
 Stab: Sleeping          |     1 |       |       |       |       ||     1
Armor: Animal skin       |    10 |       |       |       |       ||    10
       Chain mail        |    10 |    63 |    62 |       |       ||   135
       Plate armour      |       |       |     1 |   147 |   275 ||   423
Dodge: Dodged            |    61 |    99 |   101 |   183 |   325 ||   769
Block: Buckler           |     2 |    24 |    26 |    10 |       ||    62
       Kite shield       |       |       |       |   191 |   463 ||   654
       Rpst.: Falchion   |    14 |    15 |    11 |       |       ||    40
       Long sword        |       |       |       |    19 |    22 ||    41
       Scimitar          |       |       |       |     9 |    35 ||    44
